 Dungeon Crawl Stone Soup version bcrawl-1.21 (webtiles) character file.

Game seed: 4872664924036711616

2566 Freyura the Schismatic (level 9, -1/69 HPs)
             Began as a Demonspawn Abyssal Knight on Feb 16, 2020.
             Was an Elder of Lugonu.
             Slain by Sigmund
             ... wielding a +0 scythe
              (7 damage)
             ... on level 6 of the Dungeon.
             The game lasted 00:26:48 (5756 turns).

Freyura the Schismatic (Demonspawn Abyssal Knight)  Turns: 5756, Time: 00:26:49

Health: -1/69      AC: 15    Str: 13    XL:     9   Next: 31%
Magic:  14/14      EV: 13    Int: 14    God:    Lugonu [****..]
Gold:   584        SH:  0    Dex: 17    Spells: 8/8 levels left

rFire    + + .     SeeInvis .   s - +2 morningstar
rCold    x . .     Gourm    .   (no shield)
rNeg     . . .     Faith    .   w - +1 ring mail of Integrity {+Blink rElec}
rPois    .         Spirit   .   n - +2 helmet
rElec    +         Reflect  .   (no cloak)
rCorr    .         Harm     .   a - +1 pair of gloves
MR       .....                  z - +2 pair of boots {Fly}
Stlth    +++.......             m - amulet of regeneration
HPRegen  0.61/turn              h - ring of fire
MPRegen  0.14/turn              t - ring of stealth

@: flying
A: hooves 2, thin skeletal structure 1, fire resistance 1
a: Depart the Abyss, Bend Space, Banish, Corrupt, Renounce Religion, Evoke
Blink, Stop Flying


You were on level 6 of the Dungeon.
You worshipped Lugonu.
Lugonu was greatly pleased with you.
You were not hungry.

You visited 1 branch of the dungeon, and saw 6 of its levels.
You visited the Abyss 1 time.
You also visited: Ossuary.

You collected 584 gold pieces.

Inventory:

Hand Weapons
 s - a +2 morningstar (weapon)
Missiles
 c - 4 tomahawks of dispersal (quivered)
 d - 1298 stones
 l - 2 throwing nets {!f}
 E - 113 poisoned tomahawks
Armour
 a - a +1 pair of gloves (worn)
 g - a +0 ring mail
 n - a +2 helmet (worn)
 w - the +1 ring mail of Integrity (worn) {+Blink rElec}
   (You found it on level 5 of the Dungeon)

   It insulates you from electricity.
   It lets you blink.
 z - a +2 pair of boots of flying (worn)
Jewellery
 h - a ring of fire (left hand)
 j - an uncursed ring of fire
 m - an amulet of regeneration (around neck)
 t - a ring of stealth (right hand)
 F - a +5 ring of strength {unknown}
Wands
 x - a wand of disintegration (14)
Scrolls
 b - 5 scrolls of identify
 f - 7 scrolls of teleportation
 k - 4 scrolls of remove curse
 v - a scroll of silence {unknown}
 y - a scroll of enchant armour
 A - a scroll of noise {unknown}
 B - a scroll of enchant weapon
Potions
 p - a potion of lignification
 q - a potion of haste
 r - 2 potions of curing
 u - a potion of magic {unknown}
 C - a potion of flight {unknown}
 D - a potion of resistance {unknown}
Comestibles
 e - 9 rations {!d}


   Skills:
 + Level 6.0 Fighting
 * Level 7.0 Maces & Flails
 - Level 0.8 Throwing
 + Level 5.0 Armour
 + Level 4.6 Dodging
 + Level 7.1 Invocations


You had 8 spell levels left.
You didn't know any spells.
Your spell library contained the following spells:

 Spells                   Type           Power        Failure   Level  Hunger
 Sting                    Conj/Pois      #...         50%         1    ##.....
 Poisonous Vapours        Pois/Air       #.....       65%         2    ###....
 Ignite Poison            Fire/Tmut/Pois #.......     86%         3    ####...
 Olgreb's Toxic Radiance  Pois           #.......     99%         4    #####..
 Summon Scorpions         Summ/Pois      #.......     99%         4    #####..
 Venom Bolt               Conj/Pois      #.........   100%        5    ######.


Dungeon Overview and Level Annotations

Branches:
Dungeon (6/12)             Temple (0/1) D:5

Altars:
Elyvilon
Fedhas
Hepliaklqana
Nemelex Xobeh
Okawaru
Sif Muna
Uskayaw
Vehumet
Zin

Annotations:
D:6 Pikel, Sigmund


Innate Abilities, Weirdness & Mutations

You have hoof-like feet.
You have a somewhat thin skeletal structure. (Dex +2, Stealth)
Your flesh is heat resistant. (rF+)


Message History

You closely miss Sigmund. The orc wizard misses you. The worker ant misses you.
Pikel hits you but does no damage.
Sigmund points at you and mumbles some strange words.
The puff of flame hits you! You resist.
You closely miss Sigmund.
The worker ant bites you but does no damage.
The orc wizard hits you but does no damage.
Pikel hits you with a +2 whip of flaming.
* * * LOW HITPOINT WARNING * * *
Sigmund hits you but does no damage. The worker ant closely misses you.
You closely miss Sigmund. The orc wizard casts a spell at you.
The puff of flame hits you! You resist.
* * * LOW HITPOINT WARNING * * *
Pikel hits you with a +2 whip of flaming.
* * * LOW HITPOINT WARNING * * *
The worker ant waves its antennae.
The worker ant bites you but does no damage.
Sigmund hits you with a +0 scythe!
You die...

#..................#
#..................#
........).≈.#......
#................ ..
..##.......#._.#...# #.
#...................# #.
...#....†......#.....# ..#
#.##....#..@)......... ...
##..#....##K@#####.....
...##........##o.a..###....
....#.........##...........
.............#####.........
..##............##........
####......................
##........................
.........................#
.#..#...#.....###........#


You could see Pikel, Sigmund, a worker ant and an orc wizard.

Vanquished Creatures
  The ghost of Mrkan the Chopper, an amateur MiFi (D:4)
  Prince Ribbit (D:6)
  A hungry ghost (D:6)
  An ice beast (D:4)
  A sky beast (D:6)
  2 ogres (D:6)
  2 phantoms
  A centaur (D:6)
  A big kobold (D:5)
  2 bullfrogs
  2 elf zombies (Ossuary)
  2 scorpions
  A water moccasin skeleton (D:4)
  2 howler monkeys (D:6)
  2 crimson imps
  2 centaur zombies (Ossuary)
  A bullfrog zombie (D:6)
  A human zombie (Ossuary)
  2 orc priests
  2 hounds
  2 iguanas
  2 orc wizards
  2 worker ants (D:6)
  2 big kobold zombies (Ossuary)
  2 bullfrog simulacra (D:4)
  A hound zombie (Ossuary)
  3 mummies (Ossuary)
  Robin (D:2)
  A worker ant zombie (D:5)
  6 adders
  A howler monkey skeleton (D:6)
  A hound simulacrum (D:4)
  A shadow imp (D:5)
  An ooze (D:1)
  An adder zombie (D:5)
  2 worms (D:3)
  An adder simulacrum (D:4)
  3 dart slugs (D:2)
  4 leopard geckos
  21 orcs
  4 bats
  2 giant cockroaches
  15 goblins
  11 hobgoblins
  5 jackals
  3 quokkas
  4 frilled lizards
  2 gnoll zombies (Ossuary)
  4 goblin zombies (Ossuary)
  6 hobgoblin zombies (Ossuary)
  2 jackal zombies
  9 kobolds
  A kobold zombie (Ossuary)
  A leopard gecko skeleton (D:5)
  3 orc zombies (Ossuary)
  A quokka simulacrum (D:4)
  4 quokka zombies (Ossuary)
  8 rats
  2 rat zombies (Ossuary)
175 creatures vanquished.

Vanquished Creatures (others)
  An orc wizard (D:6)
1 creature vanquished.

Grand Total: 176 creatures vanquished

Notes
Turn   | Place    | Note
-------+----------+-------------------------------------------
     0 | Abyss:1  | Freyura the Demonspawn Abyssal Knight began the quest for
                  | the Orb.
     0 | Abyss:1  | Reached XP level 1. HP: 18/18 MP: 2/2
    15 | D:1      | Escaped the Abyss
    72 | D:1      | Reached skill level 1 in Dodging
   183 | D:1      | Gained mutation: You have large cloven feet. [demonic
                  | ancestry]
   183 | D:1      | Reached XP level 2. HP: 24/24 MP: 4/4
   344 | D:1      | Reached ** piety under Lugonu
   891 | D:2      | Reached XP level 3. HP: 29/29 MP: 5/5
  1112 | D:2      | Gained mutation: You have hoof-like feet. [demonic
                  | ancestry]
  1112 | D:2      | Reached XP level 4. HP: 35/35 MP: 6/6
  1144 | D:2      | Noticed Robin
  1174 | D:2      | Killed Robin
  1522 | D:2      | Found a glowing silver altar of Zin.
  1522 | D:2      | Noticed an angel
  1713 | D:2      | Found a faded altar of an unknown god.
  1945 | D:2      | Reached *** piety under Lugonu
  2235 | D:3      | Reached XP level 5. HP: 41/41 MP: 7/7
  2400 | D:3      | Found a sparkling altar of Nemelex Xobeh.
  2400 | D:3      | Found a transporter.
  2400 | D:3      | Noticed a sky beast
  2477 | D:3      | Found a hazy altar of Hepliaklqana.
  2686 | D:3      | Found a hide-covered altar of Uskayaw.
  3400 | D:4      | Found a runed translucent gate.
  3400 | D:4      | Found a runed translucent gate.
  3400 | D:4      | Found a runed translucent gate.
  3414 | D:4      | Reached XP level 6. HP: 33/48 MP: 9/9
  3751 | D:4      | Noticed Mrkan's ghost (amateur MiFi)
  3754 | D:4      | Noticed an ice beast
  4078 | D:4      | Killed an ice beast
  4078 | D:4      | Gained mutation: Your flesh is heat resistant. (rF+)
                  | [demonic ancestry]
  4078 | D:4      | Reached XP level 7. HP: 25/54 MP: 10/10
  4179 | D:4      | Killed Mrkan's ghost
  4179 | D:4      | Reached skill level 5 in Invocations
  4239 | D:5      | Entered Level 5 of the Dungeon
  4248 | D:5      | Reached skill level 5 in Maces & Flails
  4257 | D:5      | Found an iron altar of Okawaru.
  4257 | D:5      | Found a white marble altar of Elyvilon.
  4522 | D:5      | Got a fine ring mail
  4533 | D:5      | Identified the +1 ring mail of Integrity {+Blink rElec}
                  | (You found it on level 5 of the Dungeon)
  4593 | D:5      | Found a staircase to the Ecumenical Temple.
  4631 | D:5      | Gained mutation: You have a somewhat thin skeletal
                  | structure. (Dex +2, Stealth) [demonic ancestry]
  4631 | D:5      | Reached XP level 8. HP: 61/61 MP: 12/12
  4665 | D:5      | Found a sand-covered staircase.
  4709 | D:5      | Found a blossoming altar of Fedhas.
  4728 | D:5      | Reached skill level 5 in Fighting
  4746 | Ossuary  | Entered an ossuary
  4757 | Ossuary  | Reached **** piety under Lugonu
  4874 | Ossuary  | Received a gift from Lugonu
  5161 | D:5      | Found a shimmering blue altar of Sif Muna.
  5405 | D:6      | Noticed Prince Ribbit
  5529 | D:6      | Reached XP level 9. HP: 13/69 MP: 12/14
  5533 | D:6      | Killed Prince Ribbit
  5695 | D:6      | Found a radiant altar of Vehumet.
  5708 | D:6      | Noticed Sigmund
  5742 | D:6      | Noticed Pikel
  5744 | D:6      | Reached skill level 5 in Armour
  5756 | D:6      | Slain by Sigmund

Skill      XL: |  1  2  3  4  5  6  7  8  9 |
---------------+----------------------------+-----
Dodging        | 1 2 3 4 |  4.6
Maces & Flails | 2 3 4 5 6 7 |  7.0
Invocations    | 3 4 5 6 7 |  7.1
Armour         | 2 3 4 5 |  5.0
Fighting       | 4 5 6 |  6.0
Throwing       | |  0.8

Action                   |  1- 3 |  4- 6 |  7- 9 || total
-------------------------+-------+-------+-------++-------
Melee: Mace              |    93 |    76 |       ||   169
       Kick              |    17 |    30 |    34 ||    81
       Morningstar       |       |    73 |   293 ||   366
Throw: Tomahawk          |     6 |       |       ||     6
  Use: Scroll            |       |    19 |       ||    19
       Potion            |       |       |     2 ||     2
 Stab: Sleeping          |       |       |    10 ||    10
       Distracted        |       |       |     1 ||     1
  Eat: Chunk             |     1 |     8 |       ||     9
       Ration            |       |       |     3 ||     3
Armor: Ring mail         |    37 |    53 |   196 ||   286
Dodge: Dodged            |    46 |   103 |   275 ||   424
